St.Louis Blues vs Anaheim Ducks
(R1)
Created - Tuesday, October 24, 2023 at 07:01
Goals
|
| St.Louis Blues |
2 |
0 |
0 |
2 |
| Anaheim Ducks |
2 |
2 |
0 |
4 |
|
Shots
|
| St.Louis Blues |
7 |
10 |
11 |
28 |
| Anaheim Ducks |
8 |
9 |
14 |
31 |
|
1st period
1. St.Louis Blues , Jack Eichel 21 (Jake Guentzel 32, Mikhail Sergachev 8) at 7:49
2. Anaheim Ducks , Nazem Kadri 7 (Joshua Morrissey 12, Brayden Schenn 14) at 15:09
3. St.Louis Blues , Nico Sturm 9 (Alex Pietrangelo 10, Andrew Copp 11) at 16:21
4. Anaheim Ducks , Jakob Chychrun 2 (Teuvo Teravainen 11, Alex Killorn 12) at 18:51
Penalties :
Robert Thomas (STL) for Boarding (Minor) at 2:02, Joshua Morrissey (ANA) for Hooking (Minor) at 8:10, Tage Thompson (STL) for Interference (Minor) at 13:00
2nd period
5. Anaheim Ducks , John Tavares 18 (William Nylander 41, Jakob Chychrun 11) at 16:12
6. Anaheim Ducks , John Tavares 19 (William Nylander 42) at 16:55
Penalties :
Josh Manson (ANA) for Slashing (Minor) at 8:33
3rd period
No Goal
Penalties :
Joshua Morrissey (ANA) for Tripping (Minor) at 10:31
Goalie Stats
Connor Hellebuyck (STL), 27 saves from 31 shots - (0.871), L, 21-11-3, 60:00 minutes
Linus Ullmark (ANA), 26 saves from 28 shots - (0.929), W, 21-11-5, 60:00 minutes
Players Stats for St.Louis Blues
Player Name G A P +/- PIM S H SB GA TA FO MP PP MP PK MP
------------------------------------------------------------------------------------
Adam Pelech 0 0 0 -1 0 0 2 1 0 1 0/0 18:13 0:00 1:52
Alex Pietrangelo 0 1 1 -1 0 0 0 2 1 0 0/0 20:37 2:55 0:00
Alex Tuch 0 0 0 0 0 2 1 0 0 0 0/0 18:34 3:02 0:00
Andrew Copp 0 1 1 1 0 1 1 0 1 0 0/1 9:41 0:00 2:06
Colton Parayko 0 0 0 -1 0 0 3 1 0 1 0/0 17:41 0:00 1:52
Elias Pettersson 0 0 0 0 0 3 2 0 1 0 11/24 19:34 3:06 0:29
Evander Kane 0 0 0 -1 0 0 3 0 0 0 0/0 15:02 2:31 0:00
Jack Eichel 1 0 1 -1 0 3 0 0 0 2 7/15 17:46 2:51 0:00
Jake Guentzel 0 1 1 -1 0 1 5 0 1 0 0/2 14:37 2:06 0:01
Jake Sanderson 0 0 0 -1 0 3 1 2 0 0 0/0 19:29 0:00 2:06
Lawson Crouse 0 0 0 -1 0 5 1 0 0 0 0/0 15:22 0:42 1:38
Mark Stone 0 0 0 -1 0 2 0 0 2 1 0/0 18:03 2:55 0:00
Mikhail Sergachev 0 1 1 0 0 1 0 0 2 1 0/0 19:20 3:02 0:22
Nick Leddy 0 0 0 0 0 1 0 1 0 0 0/0 18:15 0:00 1:44
Nico Sturm 1 0 1 0 0 2 0 0 0 0 1/4 10:52 1:01 1:51
Robert Thomas 0 0 0 -1 2 1 0 0 1 0 7/10 15:40 2:31 0:00
Tage Thompson 0 0 0 -1 2 2 1 0 1 1 1/1 18:27 3:03 0:00
Yanni Gourde 0 0 0 0 0 1 1 0 0 0 1/1 8:47 0:00 1:51
Players Stats for Anaheim Ducks
Player Name G A P +/- PIM S H SB GA TA FO MP PP MP PK MP
------------------------------------------------------------------------------------
Alex Killorn 0 1 1 0 0 5 1 0 1 1 0/2 17:56 1:43 3:02
Brayden Schenn 0 1 1 1 0 1 0 0 1 1 1/1 13:50 1:24 0:35
Brenden Dillon 0 0 0 1 0 1 5 0 0 2 0/0 21:45 1:15 3:23
Calle Jarnkrok 0 0 0 0 0 1 0 0 0 0 0/0 8:08 0:07 0:00
Chandler Stephenson 0 0 0 0 0 1 4 1 0 0 8/16 17:56 1:43 3:02
Esa Lindell 0 0 0 0 0 0 0 3 0 1 0/0 24:29 1:15 2:59
Ivan Provorov 0 0 0 0 0 0 0 0 0 0 0/0 15:52 0:00 2:38
J.T. Compher 0 0 0 1 0 1 2 0 0 0 0/3 14:14 0:26 2:20
Jakob Chychrun 1 1 2 2 0 1 0 3 0 1 0/0 20:16 2:43 0:33
John Tavares 2 0 2 1 0 4 2 0 0 0 14/25 19:15 2:08 0:00
Josh Manson 0 0 0 0 2 0 1 2 0 0 0/0 14:42 0:00 1:48
Joshua Morrissey 0 1 1 1 4 3 2 1 1 3 0/0 23:04 2:43 0:33
Mark Scheifele 0 0 0 1 0 3 3 0 0 0 1/3 19:17 2:08 0:00
Mason Marchment 0 0 0 0 0 1 2 0 2 0 0/0 8:01 0:00 0:00
Max Domi 0 0 0 0 0 4 1 0 1 0 0/0 14:30 0:07 0:35
Nazem Kadri 1 0 1 0 0 1 1 0 0 0 4/4 8:01 0:00 0:00
Teuvo Teravainen 0 1 1 1 0 0 0 0 1 1 0/1 13:29 0:00 2:20
William Nylander 0 2 2 1 0 4 0 1 0 0 2/3 19:15 2:08 0:00
3 Stars
1 - John Tavares (ANA)
2 - Jakob Chychrun (ANA)
3 - William Nylander (ANA)
Power Play
St.Louis Blues - 0 on 3 Attempt(s) - 0.00%
Anaheim Ducks - 0 on 2 Attempt(s) - 0.00%
Penalty Kill
St.Louis Blues - 2 on 2 Attempt(s) - 100.00%
- Score 0 goal in Penalty Kill
Anaheim Ducks - 3 on 3 Attempt(s) - 100.00%
- Score 0 goal in Penalty Kill
Team Stat
St.Louis Blues - Hits : 21 - Faceoff Wins : 28 - Blocked Shots : 7 - Penalty Minutes : 4
Anaheim Ducks - Hits : 24 - Faceoff Wins : 30 - Blocked Shots : 11 - Penalty Minutes : 6
Official
Referees : TJ Luxmore and Chris Rooney
Linesman : Brad Lazarowich and Ryan Galloway
Game Notes
11:39 of 2nd period - Anaheim Ducks goal is going for a video replay. After video review, No Goal. The puck has been kicked using a distinct kicking motion.
Jake Guentzel is injured at 8:21 of 3rd period (Back)
Finance
Level 1 -- Attendance: 4765 (79.42%) -- Ticket Income $476,500
Level 2 -- Attendance: 4232 (84.64%) -- Ticket Income $253,920
Level 3 -- Attendance: 1890 (63.00%) -- Ticket Income $86,940
Level 4 -- Attendance: 3751 (75.02%) -- Ticket Income $93,775
Luxury Box -- Attendance: 810 (81.00%) -- Ticket Income $162,000
Game was played at the Honda Center.
Total Attendance: 15448 (77.24%)
Total Ticket Income: $1,073,135
Other Income: $375,597
Total Income: $1,448,732
St.Louis Blues
5 vs 5 Forward
Center Left Wing Right Wing Time % Phy DF OF
1 Elias Pettersson Alex Tuch Tage Thompson 35 0 1 4
2 Jack Eichel Jake Guentzel Mark Stone 30 1 1 3
3 Robert Thomas Lawson Crouse Evander Kane 25 1 2 2
4 Nico Sturm Andrew Copp Yanni Gourde 10 1 3 1
5 vs 5 Defense
Defense Defense Time % Phy DF OF
1 Jake Sanderson Alex Pietrangelo 35 1 2 2
2 Mikhail Sergachev Colton Parayko 33 1 2 2
3 Nick Leddy Adam Pelech 32 1 2 2
4 Jake Sanderson Alex Pietrangelo 0 1 2 2
PowerPlay Forward
Center Left Wing Right Wing Time % Phy DF OF
1 Elias Pettersson Jake Guentzel Tage Thompson 50 0 1 4
2 Robert Thomas Jack Eichel Evander Kane 50 0 1 4
PowerPlay Defense
Defense Defense Time % Phy DF OF
1 Alex Tuch Mikhail Sergachev 50 1 1 3
2 Alex Pietrangelo Mark Stone 50 1 1 3
Penalty Kill 4 Players Forward
Center Wing Time % Phy DF OF
1 Nico Sturm Yanni Gourde 50 1 4 0
2 Andrew Copp Lawson Crouse 50 1 4 0
Penalty Kill 4 Players Defense
Defense Defense Time % Phy DF OF
1 Adam Pelech Colton Parayko 50 1 4 0
2 Jake Sanderson Nick Leddy 50 1 4 0
Penalty Kill - 3 Players Forward
Forward Time % Phy DF OF
1 Nico Sturm 50 0 5 0
2 Andrew Copp 50 0 5 0
Penalty Kill - 3 Players Defense
Defense Defense Time % Phy DF OF
1 Adam Pelech Colton Parayko 50 0 5 0
2 Jake Sanderson Nick Leddy 50 0 5 0
4 vs 4 Forward
Center Wing Time % Phy DF OF
1 Elias Pettersson Tage Thompson 50 0 2 3
2 Robert Thomas Alex Tuch 50 0 2 3
4 vs 4 Defense
Defense Defense Time % Phy DF OF
1 Jake Sanderson Alex Pietrangelo 50 0 3 2
2 Colton Parayko Mikhail Sergachev 50 0 3 2
Last Minutes Offensive
Center Left Wing Right Wing Defense Defense
Robert Thomas Elias Pettersson Tage Thompson Alex Tuch Mikhail Sergachev
Last Minutes Defensive
Center Left Wing Right Wing Defense Defense
Nico Sturm Andrew Copp Yanni Gourde Jake Sanderson Colton Parayko
Goaltenders
Starting : Connor Hellebuyck
Backup : Scott Wedgewood
Extra Forwards
Normal : Nico Sturm, Robert Thomas, Lawson Crouse - PP : Nico Sturm, Robert Thomas - PK : Lawson Crouse
Extra Defensemen
Normal : Nick Leddy, Jake Sanderson, Colton Parayko - PP : Nick Leddy - PK : Jake Sanderson, Colton Parayko
Penalty Shots
Elias Pettersson, Tage Thompson, Alex Tuch, Jack Eichel, Jake Guentzel
Anaheim Ducks
5 vs 5 Forward
Center Left Wing Right Wing Time % Phy DF OF
1 John Tavares William Nylander Mark Scheifele 40 1 2 2
2 Chandler Stephenson Alex Killorn Max Domi 30 1 2 2
3 J.T. Compher Teuvo Teravainen Brayden Schenn 20 1 2 2
4 Nazem Kadri Mason Marchment Calle Jarnkrok 10 1 2 2
5 vs 5 Defense
Defense Defense Time % Phy DF OF
1 Esa Lindell Joshua Morrissey 40 1 2 2
2 Brenden Dillon Jakob Chychrun 35 1 2 2
3 Ivan Provorov Josh Manson 25 1 2 2
4 Esa Lindell Ivan Provorov 0 1 2 2
PowerPlay Forward
Center Left Wing Right Wing Time % Phy DF OF
1 John Tavares Mark Scheifele William Nylander 60 1 1 3
2 Chandler Stephenson Alex Killorn Brayden Schenn 40 1 1 3
PowerPlay Defense
Defense Defense Time % Phy DF OF
1 Joshua Morrissey Jakob Chychrun 55 1 2 2
2 Esa Lindell Brenden Dillon 45 1 2 2
Penalty Kill 4 Players Forward
Center Wing Time % Phy DF OF
1 Chandler Stephenson Alex Killorn 55 1 3 1
2 J.T. Compher Teuvo Teravainen 45 1 3 1
Penalty Kill 4 Players Defense
Defense Defense Time % Phy DF OF
1 Esa Lindell Brenden Dillon 50 1 3 1
2 Ivan Provorov Josh Manson 50 1 3 1
Penalty Kill - 3 Players Forward
Forward Time % Phy DF OF
1 Alex Killorn 50 1 3 1
2 J.T. Compher 50 1 3 1
Penalty Kill - 3 Players Defense
Defense Defense Time % Phy DF OF
1 Esa Lindell Brenden Dillon 50 1 3 1
2 Ivan Provorov Josh Manson 50 1 3 1
4 vs 4 Forward
Center Wing Time % Phy DF OF
1 John Tavares William Nylander 50 1 2 2
2 Max Domi Mark Scheifele 50 1 2 2
4 vs 4 Defense
Defense Defense Time % Phy DF OF
1 Esa Lindell Josh Manson 50 1 2 2
2 Brenden Dillon Joshua Morrissey 50 1 2 2
Last Minutes Offensive
Center Left Wing Right Wing Defense Defense
John Tavares William Nylander Mark Scheifele Joshua Morrissey Jakob Chychrun
Last Minutes Defensive
Center Left Wing Right Wing Defense Defense
Chandler Stephenson Alex Killorn Teuvo Teravainen Brenden Dillon Esa Lindell
Goaltenders
Starting : Linus Ullmark
Backup : Jack Campbell
Extra Forwards
Normal : William Nylander, John Tavares, Mark Scheifele - PP : William Nylander, Mark Scheifele - PK : Alex Killorn
Extra Defensemen
Normal : Brenden Dillon, Esa Lindell, Ivan Provorov - PP : Joshua Morrissey - PK : Esa Lindell, Josh Manson
Penalty Shots
William Nylander, Teuvo Teravainen, Mark Scheifele, Calle Jarnkrok, Alex Killorn
% Time on Ice - St.Louis Blues
Lines # - Real PCT - Wanted PCT - Time Play
Normal Forward
1 - 31% - 35% - 15:42
2 - 35% - 30% - 17:35
3 - 22% - 25% - 10:53
4 - 12% - 10% - 5:55
Normal Defense
1 - 33% - 35% - 16:46
2 - 34% - 33% - 17:08
3 - 32% - 32% - 16:11
4 - 0% - 0% - 0:00
PP Forward
1 - 51% - 50% - 3:03
2 - 49% - 50% - 2:54
PP Defense
1 - 51% - 50% - 3:02
2 - 49% - 50% - 2:55
PK Forward
1 - 47% - 50% - 1:52
2 - 53% - 50% - 2:06
PK Defense
1 - 47% - 50% - 1:52
2 - 53% - 50% - 2:06
PK3 Forward
1 - 0% - 50%
2 - 0% - 50%
PK3 Defense
1 - 0% - 50%
2 - 0% - 50%
44 Forward
1 - 0% - 50%
2 - 0% - 50%
44 Defense
1 - 0% - 50%
2 - 0% - 50%
Last Minute Offensive - 0:00
Last Minute Defensive - 0:00
Total
Forward - 60:00
Defense - 60:00
|
% Time on Ice - Anaheim Ducks
Lines # - Real PCT - Wanted PCT - Time Play
Normal Forward
1 - 35% - 40% - 17:44
2 - 26% - 30% - 13:12
3 - 22% - 20% - 11:08
4 - 16% - 10% - 8:01
Normal Defense
1 - 40% - 40% - 19:49
2 - 34% - 35% - 16:56
3 - 26% - 25% - 12:49
4 - 1% - 0% - 0:31
PP Forward
1 - 54% - 60% - 2:08
2 - 46% - 40% - 1:50
PP Defense
1 - 68% - 55% - 2:43
2 - 32% - 45% - 1:15
PK Forward
1 - 61% - 55% - 3:37
2 - 39% - 45% - 2:20
PK Defense
1 - 46% - 50% - 2:46
2 - 54% - 50% - 3:11
PK3 Forward
1 - 0% - 50%
2 - 0% - 50%
PK3 Defense
1 - 0% - 50%
2 - 0% - 50%
44 Forward
1 - 0% - 50%
2 - 0% - 50%
44 Defense
1 - 0% - 50%
2 - 0% - 50%
Last Minute Offensive - 0:00
Last Minute Defensive - 0:00
Total
Forward - 60:00
Defense - 60:00
|
Play-by-Play
1st period
0:01 of 1st period - William Nylander wins face-off versus Elias Pettersson in neutral zone.
0:33 of 1st period - Wrist shot by Max Domi.
0:33 of 1st period - Shot Blocked by Jake Sanderson.
0:46 of 1st period - Icing by Chandler Stephenson.
0:47 of 1st period - Robert Thomas wins face-off versus Alex Killorn in Anaheim Ducks zone.
0:52 of 1st period - Wrist shot by Lawson Crouse.
0:52 of 1st period - Stopped by Linus Ullmark without a rebound.
0:53 of 1st period - Robert Thomas wins face-off versus J.T. Compher in Anaheim Ducks zone.
0:54 of 1st period - Snap shot by Lawson Crouse.
0:54 of 1st period - Stopped by Linus Ullmark without a rebound.
0:55 of 1st period - Robert Thomas wins face-off versus Teuvo Teravainen in Anaheim Ducks zone.
1:06 of 1st period - Wrist shot by Lawson Crouse.
1:06 of 1st period - Shot Blocked by Josh Manson.
1:08 of 1st period - Wrist shot by Lawson Crouse.
1:08 of 1st period - Shot Misses the Net.
1:10 of 1st period - Snap shot by Nick Leddy.
1:10 of 1st period - Stopped by Linus Ullmark with a rebound.
2:02 of 1st period - Minor Penalty to Robert Thomas for Boarding.
2:03 of 1st period - John Tavares wins face-off versus Nico Sturm in St.Louis Blues zone.
2:24 of 1st period - Jakob Chychrun is hit by Elias Pettersson and loses puck.
4:02 of 1st period - Penalty to Robert Thomas is over, Robert Thomas is back on ice.
5:28 of 1st period - Adam Pelech is hit by Brenden Dillon and loses puck.
6:52 of 1st period - Slapshot by Brayden Schenn.
6:52 of 1st period - Deflect By Teuvo Teravainen.
6:52 of 1st period - Shot Blocked by Alex Pietrangelo.
6:52 of 1st period - Puck is out of play.
6:53 of 1st period - Robert Thomas wins face-off versus J.T. Compher in St.Louis Blues zone.
6:58 of 1st period - Snap shot by Evander Kane.
6:58 of 1st period - Shot Misses the Net.
7:39 of 1st period - Wrist shot by Calle Jarnkrok.
7:39 of 1st period - Stopped by Connor Hellebuyck without a rebound.
7:40 of 1st period - Nazem Kadri wins face-off versus Jake Guentzel in St.Louis Blues zone.
7:49 of 1st period - Snap shot by Jack Eichel.
7:49 of 1st period - Goal by Jack Eichel - St.Louis Blues : 1 - Anaheim Ducks : 0.
7:50 of 1st period - Elias Pettersson wins face-off versus John Tavares in neutral zone.
8:07 of 1st period - Slapshot by Elias Pettersson.
8:07 of 1st period - Stopped by Linus Ullmark without a rebound.
8:08 of 1st period - Chandler Stephenson wins face-off versus Jack Eichel in Anaheim Ducks zone.
8:10 of 1st period - Minor Penalty to Joshua Morrissey for Hooking.
8:11 of 1st period - Chandler Stephenson wins face-off versus Elias Pettersson in Anaheim Ducks zone.
8:15 of 1st period - Brenden Dillon is hit by Jake Guentzel and loses puck.
10:10 of 1st period - Penalty to Joshua Morrissey is over, Joshua Morrissey is back on ice.
11:45 of 1st period - Wrist shot by Nazem Kadri.
11:45 of 1st period - Shot Misses the Net.
11:47 of 1st period - Snap shot by Mason Marchment.
11:47 of 1st period - Stopped by Connor Hellebuyck without a rebound.
11:48 of 1st period - Nazem Kadri wins face-off versus Elias Pettersson in St.Louis Blues zone.
12:01 of 1st period - Wrist shot by Nazem Kadri.
12:01 of 1st period - Shot Misses the Net.
12:05 of 1st period - Snap shot by Alex Killorn.
12:05 of 1st period - Stopped by Connor Hellebuyck with a rebound.
12:07 of 1st period - Snap shot by Max Domi.
12:07 of 1st period - Stopped by Connor Hellebuyck without a rebound.
12:08 of 1st period - Chandler Stephenson wins face-off versus Jack Eichel in St.Louis Blues zone.
12:38 of 1st period - Snap shot by Mark Stone.
12:38 of 1st period - Shot Misses the Net.
12:46 of 1st period - Snap shot by Alex Killorn.
12:46 of 1st period - Stopped by Connor Hellebuyck without a rebound.
12:47 of 1st period - Elias Pettersson wins face-off versus Mark Scheifele in St.Louis Blues zone.
12:58 of 1st period - Snap shot by Mark Scheifele.
12:58 of 1st period - Shot Blocked by Colton Parayko.
13:00 of 1st period - Minor Penalty to Tage Thompson for Interference.
13:01 of 1st period - John Tavares wins face-off versus Andrew Copp in St.Louis Blues zone.
13:08 of 1st period - Wrist shot by Andrew Copp.
13:08 of 1st period - Shot Misses the Net.
13:40 of 1st period - Snap shot by Nico Sturm.
13:40 of 1st period - Stopped by Linus Ullmark without a rebound.
13:41 of 1st period - Yanni Gourde wins face-off versus John Tavares in Anaheim Ducks zone.
14:52 of 1st period - Alex Killorn is hit by Andrew Copp and loses puck.
15:00 of 1st period - Penalty to Tage Thompson is over, Tage Thompson is back on ice.
15:09 of 1st period - Snap shot by Nazem Kadri.
15:09 of 1st period - Goal by Nazem Kadri - St.Louis Blues : 1 - Anaheim Ducks : 1.
15:10 of 1st period - John Tavares wins face-off versus Elias Pettersson in neutral zone.
15:13 of 1st period - Alex Tuch is hit by Mark Scheifele and loses puck.
15:36 of 1st period - Jack Eichel is hit by Chandler Stephenson and loses puck.
15:57 of 1st period - Jakob Chychrun is hit by Evander Kane and loses puck.
16:04 of 1st period - Evander Kane is hit by Brenden Dillon and loses puck.
16:17 of 1st period - Wrist shot by Andrew Copp.
16:17 of 1st period - Shot Misses the Net.
16:19 of 1st period - Snap shot by Alex Pietrangelo.
16:19 of 1st period - Shot Blocked by Josh Manson.
16:21 of 1st period - Slapshot by Nico Sturm.
16:21 of 1st period - Goal by Nico Sturm - St.Louis Blues : 2 - Anaheim Ducks : 1.
16:22 of 1st period - Elias Pettersson wins face-off versus Mark Scheifele in neutral zone.
17:13 of 1st period - Brayden Schenn is hit by Adam Pelech.
17:17 of 1st period - Wrist shot by Teuvo Teravainen.
17:17 of 1st period - Shot Misses the Net.
17:19 of 1st period - Slapshot by Brenden Dillon.
17:19 of 1st period - Shot Misses the Net.
17:21 of 1st period - Snap shot by J.T. Compher.
17:21 of 1st period - Shot Blocked by Nick Leddy.
17:57 of 1st period - Wrist shot by Yanni Gourde.
17:57 of 1st period - Shot Hit the Post.
17:59 of 1st period - Slapshot by Nick Leddy.
17:59 of 1st period - Deflect By Nico Sturm.
17:59 of 1st period - Shot Misses the Net.
17:59 of 1st period - Puck is out of play.
18:00 of 1st period - John Tavares wins face-off versus Nico Sturm in Anaheim Ducks zone.
18:00 of 1st period - John Tavares is hit by Yanni Gourde.
18:26 of 1st period - Esa Lindell is hit by Alex Tuch.
18:49 of 1st period - Wrist shot by Teuvo Teravainen.
18:49 of 1st period - Shot Misses the Net.
18:51 of 1st period - Slapshot by Jakob Chychrun.
18:51 of 1st period - Goal by Jakob Chychrun - St.Louis Blues : 2 - Anaheim Ducks : 2.
18:52 of 1st period - William Nylander wins face-off versus Elias Pettersson in neutral zone.
19:19 of 1st period - Jake Sanderson is hit by Alex Killorn.
19:31 of 1st period - Snap shot by Max Domi.
19:31 of 1st period - Stopped by Connor Hellebuyck with a rebound.
Goals for this period are 2 for St.Louis Blues vs 2 for Anaheim Ducks.
Shots for this period are 7 for St.Louis Blues vs 8 for Anaheim Ducks.
2nd period
0:01 of 2nd period - John Tavares wins face-off versus Elias Pettersson in neutral zone.
0:05 of 2nd period - Off-side.
0:06 of 2nd period - John Tavares wins face-off versus Elias Pettersson in neutral zone.
0:23 of 2nd period - Snap shot by Elias Pettersson.
0:23 of 2nd period - Stopped by Linus Ullmark without a rebound.
0:24 of 2nd period - Jack Eichel wins face-off versus Chandler Stephenson in Anaheim Ducks zone.
1:43 of 2nd period - Wrist shot by Andrew Copp.
1:43 of 2nd period - Stopped by Linus Ullmark with a rebound.
1:47 of 2nd period - Slapshot by Andrew Copp.
1:47 of 2nd period - Shot Misses the Net.
2:39 of 2nd period - Calle Jarnkrok is hit by Adam Pelech and loses puck.
2:55 of 2nd period - Icing by Jakob Chychrun.
2:56 of 2nd period - Nazem Kadri wins face-off versus Nico Sturm in Anaheim Ducks zone.
3:01 of 2nd period - Yanni Gourde is hit by Mark Scheifele and loses puck.
3:07 of 2nd period - Off-side.
3:08 of 2nd period - John Tavares wins face-off versus Elias Pettersson in neutral zone.
3:10 of 2nd period - Off-side.
3:11 of 2nd period - Tage Thompson wins face-off versus John Tavares in neutral zone.
3:26 of 2nd period - Wrist shot by Mark Scheifele.
3:26 of 2nd period - Deflect By William Nylander.
3:26 of 2nd period - Stopped by Connor Hellebuyck without a rebound.
3:27 of 2nd period - Chandler Stephenson wins face-off versus Jack Eichel in St.Louis Blues zone.
3:54 of 2nd period - Tage Thompson is hit by John Tavares and loses puck.
5:07 of 2nd period - Slapshot by Chandler Stephenson.
5:07 of 2nd period - Shot Misses the Net.
5:25 of 2nd period - Slapshot by Tage Thompson.
5:25 of 2nd period - Stopped by Linus Ullmark with a rebound.
5:43 of 2nd period - Colton Parayko is hit by J.T. Compher and loses puck.
5:50 of 2nd period - Slapshot by Elias Pettersson.
5:50 of 2nd period - Shot Misses the Net.
6:00 of 2nd period - Snap shot by Tage Thompson.
6:00 of 2nd period - Shot Blocked by Esa Lindell.
6:16 of 2nd period - Slapshot by Alex Tuch.
6:16 of 2nd period - Shot Misses the Net.
6:18 of 2nd period - Slapshot by Jake Sanderson.
6:18 of 2nd period - Stopped by Linus Ullmark without a rebound.
6:19 of 2nd period - John Tavares wins face-off versus Jack Eichel in Anaheim Ducks zone.
6:57 of 2nd period - Lawson Crouse is hit by Chandler Stephenson and loses puck.
7:14 of 2nd period - Snap shot by Yanni Gourde.
7:14 of 2nd period - Stopped by Linus Ullmark without a rebound.
7:15 of 2nd period - John Tavares wins face-off versus Jake Guentzel in Anaheim Ducks zone.
7:20 of 2nd period - Jake Guentzel is hit by Mark Scheifele and loses puck.
8:33 of 2nd period - Minor Penalty to Josh Manson for Slashing.
8:34 of 2nd period - Elias Pettersson wins face-off versus Chandler Stephenson in Anaheim Ducks zone.
10:01 of 2nd period - Mikhail Sergachev is hit by Chandler Stephenson and loses puck.
10:14 of 2nd period - Teuvo Teravainen is hit by Jake Guentzel and loses puck.
10:33 of 2nd period - Penalty to Josh Manson is over, Josh Manson is back on ice.
10:37 of 2nd period - Snap shot by Max Domi.
10:37 of 2nd period - Deflect By Josh Manson.
10:37 of 2nd period - Shot Misses the Net.
10:37 of 2nd period - Puck is out of play.
10:38 of 2nd period - Nico Sturm wins face-off versus John Tavares in St.Louis Blues zone.
11:04 of 2nd period - Robert Thomas is hit by Mason Marchment and loses puck.
11:37 of 2nd period - Snap shot by Max Domi.
11:37 of 2nd period - Stopped by Connor Hellebuyck with a rebound.
11:39 of 2nd period - Snap shot by Alex Killorn.
11:39 of 2nd period - Anaheim Ducks goal is going for a video replay.
11:39 of 2nd period - The goal is refused. The puck has been kicked using a distinct kicking motion..
11:40 of 2nd period - Robert Thomas wins face-off versus Chandler Stephenson in St.Louis Blues zone.
12:02 of 2nd period - Off-side.
12:03 of 2nd period - John Tavares wins face-off versus Elias Pettersson in neutral zone.
12:32 of 2nd period - Icing by Jack Eichel.
12:33 of 2nd period - Chandler Stephenson wins face-off versus Jack Eichel in St.Louis Blues zone.
12:52 of 2nd period - Brenden Dillon is hit by Jake Guentzel and loses puck.
13:33 of 2nd period - Wrist shot by Jake Guentzel.
13:33 of 2nd period - Shot Blocked by Jakob Chychrun.
14:07 of 2nd period - Off-side.
14:08 of 2nd period - Mark Scheifele wins face-off versus Elias Pettersson in neutral zone.
14:08 of 2nd period - John Tavares is hit by Elias Pettersson and loses puck.
14:25 of 2nd period - Wrist shot by William Nylander.
14:25 of 2nd period - Shot Blocked by Jake Sanderson.
15:42 of 2nd period - Mark Scheifele is hit by Evander Kane and loses puck.
15:54 of 2nd period - Jakob Chychrun is hit by Colton Parayko and loses puck.
16:03 of 2nd period - Evander Kane is hit by Brenden Dillon and loses puck.
16:08 of 2nd period - Snap shot by William Nylander.
16:08 of 2nd period - Shot Misses the Net.
16:10 of 2nd period - Snap shot by William Nylander.
16:10 of 2nd period - Shot Misses the Net.
16:12 of 2nd period - Slapshot by John Tavares.
16:12 of 2nd period - Goal by John Tavares - St.Louis Blues : 2 - Anaheim Ducks : 3.
16:13 of 2nd period - Elias Pettersson wins face-off versus Chandler Stephenson in neutral zone.
16:26 of 2nd period - Wrist shot by Alex Killorn.
16:26 of 2nd period - Shot Misses the Net.
16:28 of 2nd period - Slapshot by Esa Lindell.
16:28 of 2nd period - Deflect By Max Domi.
16:28 of 2nd period - Stopped by Connor Hellebuyck with a rebound.
16:30 of 2nd period - Wrist shot by Joshua Morrissey.
16:30 of 2nd period - Shot Misses the Net.
16:48 of 2nd period - Wrist shot by Jake Guentzel.
16:48 of 2nd period - Stopped by Linus Ullmark without a rebound.
16:49 of 2nd period - John Tavares wins face-off versus Jack Eichel in Anaheim Ducks zone.
16:49 of 2nd period - John Tavares is hit by Jake Guentzel.
16:55 of 2nd period - Snap shot by John Tavares.
16:55 of 2nd period - Goal by John Tavares - St.Louis Blues : 2 - Anaheim Ducks : 4.
16:56 of 2nd period - Elias Pettersson wins face-off versus John Tavares in neutral zone.
17:11 of 2nd period - Snap shot by Elias Pettersson.
17:11 of 2nd period - Shot Blocked by Esa Lindell.
17:13 of 2nd period - Slapshot by Jake Sanderson.
17:13 of 2nd period - Stopped by Linus Ullmark without a rebound.
17:14 of 2nd period - Chandler Stephenson wins face-off versus Jack Eichel in Anaheim Ducks zone.
17:23 of 2nd period - Snap shot by Chandler Stephenson.
17:23 of 2nd period - Stopped by Connor Hellebuyck with a rebound.
17:25 of 2nd period - Snap shot by Max Domi.
17:25 of 2nd period - Shot Misses the Net.
17:27 of 2nd period - Wrist shot by Brenden Dillon.
17:27 of 2nd period - Stopped by Connor Hellebuyck without a rebound.
17:28 of 2nd period - John Tavares wins face-off versus Elias Pettersson in St.Louis Blues zone.
17:39 of 2nd period - Wrist shot by William Nylander.
17:39 of 2nd period - Shot Blocked by Alex Pietrangelo.
17:41 of 2nd period - Wrist shot by John Tavares.
17:41 of 2nd period - Shot Misses the Net.
17:43 of 2nd period - Wrist shot by John Tavares.
17:43 of 2nd period - Deflect By William Nylander.
17:43 of 2nd period - Shot Misses the Net.
17:43 of 2nd period - Puck is out of play.
17:44 of 2nd period - Jack Eichel wins face-off versus Chandler Stephenson in St.Louis Blues zone.
18:31 of 2nd period - Slapshot by Lawson Crouse.
18:31 of 2nd period - Deflect By Evander Kane.
18:31 of 2nd period - Shot Misses the Net.
18:31 of 2nd period - Puck is out of play.
18:32 of 2nd period - Robert Thomas wins face-off versus J.T. Compher in Anaheim Ducks zone.
18:37 of 2nd period - Slapshot by Evander Kane.
18:37 of 2nd period - Deflect By Robert Thomas.
18:37 of 2nd period - Stopped by Linus Ullmark with a rebound.
18:49 of 2nd period - Slapshot by Esa Lindell.
18:49 of 2nd period - Shot Misses the Net.
18:57 of 2nd period - Brayden Schenn is hit by Lawson Crouse and loses puck.
19:12 of 2nd period - Wrist shot by Teuvo Teravainen.
19:12 of 2nd period - Shot Misses the Net.
19:20 of 2nd period - Wrist shot by Robert Thomas.
19:20 of 2nd period - Shot Misses the Net.
19:22 of 2nd period - Wrist shot by Lawson Crouse.
19:22 of 2nd period - Stopped by Linus Ullmark with a rebound.
19:24 of 2nd period - Snap shot by Lawson Crouse.
19:24 of 2nd period - Stopped by Linus Ullmark without a rebound.
19:25 of 2nd period - John Tavares wins face-off versus Elias Pettersson in Anaheim Ducks zone.
19:34 of 2nd period - Wrist shot by Mark Scheifele.
19:34 of 2nd period - Deflect By Tage Thompson.
19:34 of 2nd period - Stopped by Connor Hellebuyck without a rebound.
19:35 of 2nd period - Elias Pettersson wins face-off versus John Tavares in St.Louis Blues zone.
Goals for this period are 0 for St.Louis Blues vs 2 for Anaheim Ducks.
Shots for this period are 10 for St.Louis Blues vs 9 for Anaheim Ducks.
3rd period
0:01 of 3rd period - Elias Pettersson wins face-off versus John Tavares in neutral zone.
0:14 of 3rd period - Wrist shot by William Nylander.
0:14 of 3rd period - Stopped by Connor Hellebuyck with a rebound.
1:00 of 3rd period - Jakob Chychrun is hit by Colton Parayko and loses puck.
1:13 of 3rd period - Snap shot by Jack Eichel.
1:13 of 3rd period - Shot Misses the Net.
1:21 of 3rd period - Wrist shot by Jack Eichel.
1:21 of 3rd period - Stopped by Linus Ullmark with a rebound.
1:23 of 3rd period - Slapshot by Mikhail Sergachev.
1:23 of 3rd period - Shot Blocked by Jakob Chychrun.
1:25 of 3rd period - Snap shot by Mark Stone.
1:25 of 3rd period - Stopped by Linus Ullmark without a rebound.
1:26 of 3rd period - John Tavares wins face-off versus Elias Pettersson in Anaheim Ducks zone.
1:33 of 3rd period - Wrist shot by John Tavares.
1:33 of 3rd period - Stopped by Connor Hellebuyck with a rebound.
1:35 of 3rd period - Wrist shot by William Nylander.
1:35 of 3rd period - Stopped by Connor Hellebuyck with a rebound.
1:37 of 3rd period - Backhand shot by William Nylander.
1:37 of 3rd period - Shot Misses the Net.
1:39 of 3rd period - Snap shot by Mark Scheifele.
1:39 of 3rd period - Stopped by Connor Hellebuyck with a rebound.
1:41 of 3rd period - Wrist shot by William Nylander.
1:41 of 3rd period - Stopped by Connor Hellebuyck with a rebound.
1:43 of 3rd period - Backhand shot by John Tavares.
1:43 of 3rd period - Stopped by Connor Hellebuyck without a rebound.
1:44 of 3rd period - Chandler Stephenson wins face-off versus Robert Thomas in St.Louis Blues zone.
1:47 of 3rd period - Wrist shot by Alex Killorn.
1:47 of 3rd period - Stopped by Connor Hellebuyck with a rebound.
2:53 of 3rd period - Snap shot by Jack Eichel.
2:53 of 3rd period - Stopped by Linus Ullmark without a rebound.
2:54 of 3rd period - Nazem Kadri wins face-off versus Jack Eichel in Anaheim Ducks zone.
3:21 of 3rd period - John Tavares is hit by Tage Thompson and loses puck.
3:54 of 3rd period - Wrist shot by Brayden Schenn.
3:54 of 3rd period - Shot Misses the Net.
4:06 of 3rd period - Snap shot by Alex Tuch.
4:06 of 3rd period - Stopped by Linus Ullmark without a rebound.
4:07 of 3rd period - Robert Thomas wins face-off versus Chandler Stephenson in Anaheim Ducks zone.
4:10 of 3rd period - Wrist shot by Lawson Crouse.
4:10 of 3rd period - Stopped by Linus Ullmark with a rebound.
4:28 of 3rd period - Slapshot by Alex Killorn.
4:28 of 3rd period - Stopped by Connor Hellebuyck without a rebound.
4:29 of 3rd period - Jack Eichel wins face-off versus John Tavares in St.Louis Blues zone.
5:21 of 3rd period - Wrist shot by Alex Killorn.
5:21 of 3rd period - Shot Misses the Net.
5:27 of 3rd period - J.T. Compher is hit by Evander Kane and loses puck.
5:40 of 3rd period - Brayden Schenn is hit by Jake Guentzel and loses puck.
6:10 of 3rd period - Snap shot by Mikhail Sergachev.
6:10 of 3rd period - Stopped by Linus Ullmark with a rebound.
6:20 of 3rd period - Colton Parayko is hit by Mason Marchment and loses puck.
6:29 of 3rd period - Slapshot by Elias Pettersson.
6:29 of 3rd period - Shot Misses the Net.
6:31 of 3rd period - Slapshot by Mikhail Sergachev.
6:31 of 3rd period - Shot Misses the Net.
6:41 of 3rd period - Wrist shot by Robert Thomas.
6:41 of 3rd period - Shot Blocked by Chandler Stephenson.
7:53 of 3rd period - Wrist shot by William Nylander.
7:53 of 3rd period - Deflect By Mark Scheifele.
7:53 of 3rd period - Shot Misses the Net.
7:53 of 3rd period - Puck is out of play.
7:54 of 3rd period - Jack Eichel wins face-off versus John Tavares in St.Louis Blues zone.
7:54 of 3rd period - Jack Eichel is hit by Brenden Dillon.
8:20 of 3rd period - Jake Guentzel is hit by Brenden Dillon and loses puck.
8:21 of 3rd period - Jake Guentzel from St.Louis Blues is injured at 8:21 of 3rd period (Back).
8:22 of 3rd period - Elias Pettersson wins face-off versus John Tavares in St.Louis Blues zone.
8:27 of 3rd period - Wrist shot by Jake Sanderson.
8:27 of 3rd period - Shot Blocked by William Nylander.
8:29 of 3rd period - Slapshot by Alex Pietrangelo.
8:29 of 3rd period - Shot Misses the Net.
8:31 of 3rd period - Wrist shot by Alex Tuch.
8:31 of 3rd period - Stopped by Linus Ullmark without a rebound.
8:32 of 3rd period - Elias Pettersson wins face-off versus John Tavares in Anaheim Ducks zone.
8:49 of 3rd period - Wrist shot by Tage Thompson.
8:49 of 3rd period - Stopped by Linus Ullmark without a rebound.
8:50 of 3rd period - Jack Eichel wins face-off versus Chandler Stephenson in Anaheim Ducks zone.
8:51 of 3rd period - Snap shot by Mark Stone.
8:51 of 3rd period - Stopped by Linus Ullmark without a rebound.
8:52 of 3rd period - Jack Eichel wins face-off versus Alex Killorn in Anaheim Ducks zone.
8:57 of 3rd period - Snap shot by Mark Stone.
8:57 of 3rd period - Deflect By Jack Eichel.
8:57 of 3rd period - Shot Blocked by Joshua Morrissey.
8:57 of 3rd period - Puck is out of play.
8:58 of 3rd period - Jack Eichel wins face-off versus Chandler Stephenson in Anaheim Ducks zone.
9:11 of 3rd period - Snap shot by Chandler Stephenson.
9:11 of 3rd period - Shot Blocked by Adam Pelech.
9:24 of 3rd period - Snap shot by Joshua Morrissey.
9:24 of 3rd period - Stopped by Connor Hellebuyck with a rebound.
9:26 of 3rd period - Wrist shot by John Tavares.
9:26 of 3rd period - Shot Misses the Net.
9:28 of 3rd period - Wrist shot by Joshua Morrissey.
9:28 of 3rd period - Shot Misses the Net.
9:30 of 3rd period - Snap shot by Mark Scheifele.
9:30 of 3rd period - Stopped by Connor Hellebuyck without a rebound.
9:31 of 3rd period - Elias Pettersson wins face-off versus William Nylander in St.Louis Blues zone.
9:40 of 3rd period - Wrist shot by Tage Thompson.
9:40 of 3rd period - Shot Misses the Net.
9:42 of 3rd period - Slapshot by Jake Sanderson.
9:42 of 3rd period - Stopped by Linus Ullmark with a rebound.
9:44 of 3rd period - Wrist shot by Elias Pettersson.
9:44 of 3rd period - Stopped by Linus Ullmark with a rebound.
9:46 of 3rd period - Wrist shot by Alex Pietrangelo.
9:46 of 3rd period - Shot Blocked by Jakob Chychrun.
9:58 of 3rd period - Nico Sturm is hit by Chandler Stephenson and loses puck.
10:07 of 3rd period - Snap shot by Joshua Morrissey.
10:07 of 3rd period - Stopped by Connor Hellebuyck without a rebound.
10:08 of 3rd period - Brayden Schenn wins face-off versus Robert Thomas in St.Louis Blues zone.
10:09 of 3rd period - Snap shot by J.T. Compher.
10:09 of 3rd period - Stopped by Connor Hellebuyck with a rebound.
10:23 of 3rd period - Wrist shot by Evander Kane.
10:23 of 3rd period - Shot Blocked by Esa Lindell.
10:31 of 3rd period - Minor Penalty to Joshua Morrissey for Tripping.
10:32 of 3rd period - Chandler Stephenson wins face-off versus Robert Thomas in Anaheim Ducks zone.
11:20 of 3rd period - Nico Sturm is hit by Josh Manson and loses puck.
12:28 of 3rd period - Alex Tuch is hit by Max Domi and loses puck.
12:31 of 3rd period - Penalty to Joshua Morrissey is over, Joshua Morrissey is back on ice.
12:56 of 3rd period - Slapshot by Joshua Morrissey.
12:56 of 3rd period - Stopped by Connor Hellebuyck with a rebound.
13:45 of 3rd period - Andrew Copp is hit by Joshua Morrissey and loses puck.
14:26 of 3rd period - Snap shot by Brayden Schenn.
14:26 of 3rd period - Stopped by Connor Hellebuyck with a rebound.
14:55 of 3rd period - Nick Leddy is hit by Nazem Kadri and loses puck.
15:34 of 3rd period - Chandler Stephenson is hit by Colton Parayko and loses puck.
17:06 of 3rd period - Josh Manson is hit by Jake Sanderson and loses puck.
18:06 of 3rd period - Alex Tuch is hit by Joshua Morrissey.
18:31 of 3rd period - Tage Thompson is hit by J.T. Compher and loses puck.
18:58 of 3rd period - Robert Thomas is hit by John Tavares.
Goals for this period are 0 for St.Louis Blues vs 0 for Anaheim Ducks.
Shots for this period are 11 for St.Louis Blues vs 14 for Anaheim Ducks.
Back to the Top